Map: Ley Lines

Players

Lambo - Winner!

  • Race: Zerg Zerg
  • Spawn Location: 1:00

OpTiMiStC

  • Race: Protoss Protoss
  • League: Master
  • Spawn Location: 7:00

Event: HomeStory Cup XXVII

VOD

Have the link to the VOD?

Description

Time

  • Played on: June 27, 2025, 6:28 a.m.
  • Length: 8:55

All games in this series

Show
View Real Time Build Order
Export as new Build Order

Lambo Zerg - Winner!

Build Orders: Pool First 

Get SALT Encoding   

  12  0:00  Drone  
  13  0:07  Drone  
  14  0:15  Drone, Extractor  
  14  0:21  Overlord  
  15  0:36  Spawning Pool  
  15  0:40  Drone  
  15  0:43  Drone  
  15  0:47  Drone  
  17  1:06  Hatchery  
  17  1:09  Drone  
  17  1:23  Zergling x4  
  19  1:28  Queen  
  21  1:33  Overlord  
  21  1:39  Drone  
  22  1:42  Extractor  
  21  1:48  Drone  
  22  1:58  Drone  
  23  2:03  Queen  
  25  2:12  Hatchery  
  24  2:18  Drone  
  24  2:20  Drone  
  26  2:26  Drone  
  27  2:31  Drone x2  
  29  2:39  Drone  
  29  2:40  Drone  
  29  2:41  Overlord  
  31  2:48  Drone  
  31  2:55  Overlord  
  31  2:58  Zergling x2  
  31  3:01  Drone  
  31  3:03  Metabolic Boost  
  33  3:08  Zergling x2  
  33  3:11  Zergling x2  
  35  3:13  Drone  
  35  3:14  Drone x2  
  38  3:21  Zergling x2  
  38  3:25  Spore Crawler  
  38  3:31  Queen  
  38  3:32  Drone x5  
  46  3:35  Drone  
  46  3:37  Spore Crawler  
  46  3:40  Spore Crawler  
  46  3:41  Drone  
  46  3:42  Drone  
  46  3:47  Drone x2  
  49  3:52  Drone x2  
  49  3:54  Spore Crawler  
  49  3:55  Drone  
  51  4:01  Drone x3  
  53  4:06  Drone x2  
  55  4:10  Overlord  
  55  4:13  Drone x2  
  55  4:16  Overlord  
  57  4:19  Overlord  
  57  4:22  Drone  
  58  4:26  Drone, Evolution Chamber  
  58  4:30  Drone x2  
  60  4:31  Extractor  
  60  4:32  Drone x2  
  60  4:33  Drone  
  60  4:34  Drone  
  60  4:36  Drone  
  64  4:44  Drone x2  
  65  4:51  Drone x6  
  65  4:54  Drone x2  
  65  4:59  Zerg Melee Weapons Level 1  
  64  5:00  Drone, Hatchery  
  64  5:03  Drone x3  
  67  5:07  Drone x2  
  67  5:10  Lair  
  67  5:13  Overlord  
  69  5:17  Zergling x4  
  70  5:24  Zergling x2  
  70  5:25  Zergling x4, Extractor x2  
  70  5:27  Baneling Nest, Drone x4  
  74  5:29  Drone  
  74  5:30  Queen  
  74  5:32  Drone x2  
  79  5:36  Evolution Chamber  
  79  5:41  Drone x4  
  82  5:44  Zergling x2  
  81  5:51  Extractor  
  81  5:52  Zergling x8  
  84  5:58  Zergling x2  
  84  5:59  Zergling x4, Overlord  
  84  6:01  Drone x3  
  90  6:07  Overlord  
  90  6:08  Overlord  
  90  6:10  Overlord  
  89  6:13  Baneling  
  89  6:14  Baneling x5  
  89  6:15  Zergling x2  
  89  6:17  Hatchery  
  89  6:18  Zergling x6  
  92  6:19  Baneling x2  
  92  6:25  Zergling x14, Hydralisk Den  
  98  6:32  Baneling  
  98  6:34  Zergling x14  
  98  6:39  Zergling x2  
  102  6:43  Zergling x4  
  102  6:45  Zergling x2  
  98  6:47  Baneling x2  
  98  6:49  Zergling x2  
  97  6:56  Zergling x18  
  97  7:00  Muscular Augments, Queen x2  
  110  7:06  Spore Crawler  
  109  7:09  Centrifugal Hooks  
  109  7:13  Drone x5  
  114  7:17  Drone x3  
  117  7:24  Overseer  
  117  7:27  Drone  
  117  7:28  Drone  
  117  7:29  Drone x2, Hydralisk x6  
  131  7:35  Overlord  
  133  7:39  Overlord  
  133  7:41  Overlord  
  133  7:43  Overlord, Extractor, Queen  
  134  7:52  Overlord, Queen  
  134  7:56  Hydralisk x3  
  140  8:00  Hydralisk x5  
  140  8:01  Zergling x2  
  140  8:02  Hydralisk  
  140  8:04  Hydralisk  
  144  8:07  Hydralisk x2  
  144  8:10  Hydralisk  
  144  8:11  Zergling x4  
  148  8:13  Hydralisk  
  148  8:14  Zergling x2  
  148  8:15  Zergling x2  
  148  8:16  Zergling x2  
  148  8:22  Hydralisk x4  
  148  8:27  Hydralisk x2, Zergling x2  
  157  8:36  Zergling x2  
  157  8:37  Zergling x8  
  160  8:41  Baneling  
Show
View Real Time Build Order
Export as new Build Order

OpTiMiStC Protoss 

Build Orders: 1 Gate Expand, Oracle Opening 

Get SALT Encoding   

  12  0:00  Probe  
  13  0:12  Probe  
  14  0:17  Pylon  
  14  0:24  Probe  
  15  0:33  Probe  
  15  0:37  Gateway  
  15  0:41  Probe  
  16  0:46  Assimilator  
  17  0:50  Probe  
  18  1:03  Probe  
  19  1:15  Probe  
  20  1:23  Nexus  
  20  1:34  Cybernetics Core  
  20  1:39  Probe  
  21  1:40  Zealot  
  21  1:44  Assimilator  
  23  1:56  Pylon  
  23  2:04  Adept  
  23  2:14  Probe  
  26  2:17  Stargate  
  26  2:28  Adept  
  26  2:30  Probe  
  26  2:36  Probe  
  30  2:39  Warp Gate  
  30  2:44  Probe  
  30  2:48  Probe  
  32  2:55  Oracle  
  32  2:56  Probe  
  33  3:00  Probe  
  37  3:16  Probe x2  
  39  3:27  Pylon  
  39  3:32  Probe  
  39  3:34  Oracle  
  38  3:35  Nexus  
  38  3:47  Probe  
  42  3:49  Gateway  
  42  3:51  Probe  
  43  4:00  Probe  
  44  4:03  Probe  
  45  4:12  Probe, Twilight Council  
  45  4:15  Forge  
  45  4:16  Pylon, Probe  
  47  4:28  Probe  
  47  4:30  Adept  
  50  4:31  Probe  
  50  4:35  Pylon, Protoss Ground Weapons Level 1  
  51  4:39  Gateway x2  
  51  4:41  Probe  
  51  4:42  Charge  
  51  4:44  Adept  
  52  4:52  Probe  
  52  4:55  Probe  
  52  4:56  Probe, Adept  
  55  5:00  Probe  
  56  5:07  Gateway  
  56  5:08  Gateway, Probe x2  
  56  5:10  Probe  
  56  5:11  Assimilator  
  59  5:21  Probe  
  60  5:24  Zealot  
  60  5:26  Probe x2, Zealot  
  66  5:33  Probe  
  66  5:34  Pylon  
  67  5:35  Pylon  
  67  5:38  Probe  
  67  5:42  Probe, Zealot  
  69  5:43  Zealot  
  69  5:45  Probe  
  70  5:53  Probe  
  70  5:56  Zealot x2  
  75  5:57  Probe x2  
  77  6:05  Probe, Zealot  
  77  6:06  Zealot x3  
  77  6:08  Blink  
  86  6:17  Stalker  
  88  6:22  Zealot  
  88  6:23  Probe x2  
  88  6:24  Probe  
  93  6:26  Assimilator  
  93  6:31  Assimilator  
  93  6:35  Probe  
  88  6:42  Stalker x3  
  88  6:43  Stalker x3  
  94  6:53  Probe x2  
  88  6:56  Probe  
  88  7:00  Pylon  
  89  7:01  Gateway  
  89  7:03  Gateway  
  89  7:05  Probe, Assimilator  
  89  7:08  Forge, Probe  
  91  7:10  Pylon  
  91  7:16  Stalker, Nexus  
  91  7:18  Probe  
  91  7:22  Pylon  
  94  7:23  Probe, Templar Archives  
  95  7:30  Stalker x4  
  103  7:43  Shield Battery  
  103  7:47  Stalker x2  
  103  7:49  Probe x2  
  109  7:53  Probe  
  109  7:54  Stalker x4  
  118  7:59  Pylon  
  118  8:01  Pylon x2  
  104  8:08  Stalker x2  
  90  8:19  Stalker x4  
  81  8:28  Probe  
  81  8:29  Probe x2  
  81  8:33  Stalker x2  
  88  8:38  Probe  
  88  8:40  Probe  
Tags
 
Add a new tag
Caveats
  • Supply blocks, unpowered buildings, or Contaminate may cause inaccurate times.
  • Supply counts are checked every 10 seconds.